 Dungeon Crawl Stone Soup version 0.29-a0-542-g075992c915 (webtiles) character file.

Game seed: 5642384750588385576

12156 grumblor the Cleaver (level 11, -7/60 HPs)
             Began as a Vine Stalker Fighter on June 5, 2022.
             Was an Initiate of Ru.
             Mangled by a water elemental (13 damage)
             ... on level 11 of the Dungeon.
             The game lasted 00:19:51 (9569 turns).

grumblor the Cleaver (Vine Stalker Fighter)         Turns: 9569, Time: 00:19:51

Health: -7/60      AC: 26    Str: 24    XL:     11   Next: 88%
Magic:  0/12       EV:  2    Int: 16    God:    Ru [......]
Gold:   1816       SH: 14    Dex:  8    Spells: 10/10 levels left

rFire   + . .      SeeInvis .   I - +5 war axe (flame)
rCold   + . .      Faith    .   H - +1 tower shield {rC+ rF+}
rNeg    + . .      Spirit   +   G - +3 crystal plate armour
rPois   +          Reflect  .   v - +0 helmet
rElec   +          Harm     .   w - +0 cloak
rCorr   .          Rampage  .   (no gloves)
Will    ++...                   h - +1 pair of boots "Jaas Mexue" {rElec rPois Int+8 Dex-5}
Stlth   ..........              e - amulet of regeneration
HPRegen 1.80/turn               y - ring of willpower
MPRegen 0.13/turn               x - ring of positive energy

@: engulfed (cannot breathe)
A: fangs 3, regeneration 1, magic shield, antimagic bite, no potion heal 2
a: Renounce Religion


You were on level 11 of the Dungeon.
You worshipped Ru.
Ru was noncommittal.
You visited 2 branches of the dungeon, and saw 12 of its levels.
You also visited: Bailey.

You collected 1816 gold pieces.

Inventory:

Hand Weapons
 a - a +1 war axe
 I - a +5 war axe of flaming (weapon)
Missiles
 j - 31 poisoned darts (quivered)
 s - 4 boomerangs
 t - 4 silver javelins
 E - a curare-tipped dart
Armour
 h - the +1 pair of boots "Jaas Mexue" (worn) {rElec rPois Int+8 Dex-5}
   (You found it on level 2 of the Dungeon)

   Int:       It affects your intelligence (+8).
   Dex:       It affects your dexterity (-5).
   rElec:     It insulates you from electricity.
   rPois:     It protects you from poison.
 v - a +0 helmet (worn)
 w - a +0 cloak (worn)
 G - a +3 crystal plate armour (worn)
 H - a +1 tower shield of resistance (worn)
Jewellery
 e - an amulet of regeneration (around neck)
 x - a ring of positive energy (right hand)
 y - a ring of willpower (left hand)
Wands
 c - a wand of mindburst (1)
 l - a wand of charming (2)
 o - a wand of paralysis (16)
 C - a wand of iceblast (3)
 D - a wand of flame (1)
 F - a wand of acid (4)
Scrolls
 f - 7 scrolls of teleportation
 i - 3 scrolls of fear
Potions
 b - a potion of lignification
 d - 4 potions of might
 g - 6 potions of curing
 k - a potion of resistance
 m - 6 potions of mutation
 n - 5 potions of haste {unknown}
 p - a potion of invisibility {unknown}
 u - 2 potions of magic
 A - 3 potions of heal wounds {unknown}


   Skills:
 * Level 7.8 Fighting
 - Level 8.3 Axes
 - Level 2.0 Throwing
 * Level 7.4 Armour
 - Level 4.0 Dodging
 * Level 7.7 Shields
 * Level 6.3 Evocations


You had 10 spell levels left.
You didn't know any spells.
Your spell library contained the following spells:

 Spells                   Type           Power      Damage    Failure   Level
 Freeze                   Ice            0%         1d3       100%        1
 Static Discharge         Conj/Air       0%         N/A       100%        2
 Call Canine Familiar     Summ           0%         N/A       100%        3
 Dazzling Flash           Conj/Hex       0%         N/A       100%        3
 Frozen Ramparts          Ice            0%         1d2       100%        3
 Gell's Gravitas          Tloc           0%         N/A       100%        3
 Ozocubu's Armour         Ice            0%         N/A       100%        3
 Portal Projectile        Hex/Tloc       0%         N/A       100%        3
 Teleport Other           Tloc           0%         N/A       100%        3
 Tukima's Dance           Hex            0%         N/A       100%        3
 Animate Dead             Necr           0%         N/A       100%        4
 Dispel Undead            Necr           0%         3d6       100%        4
 Hailstorm                Conj/Ice       0%         3d3       100%        4
 Leda's Liquefaction      Hex/Erth       0%         N/A       100%        4
 Sticky Flame             Conj/Fire      0%         2d3       100%        4
 Agony                    Necr           0%         N/A       100%        5
 Blade Hands              Tmut           0%         N/A       100%        5
 Silence                  Hex/Air        0%         N/A       100%        5
 Dispersal                Tloc           0%         N/A       100%        6
 Haunt                    Necr/Summ      0%         N/A       100%        7
 Ozocubu's Refrigeration  Ice            0%         4d5       100%        7
 Infestation              Necr           0%         N/A       100%        8


Dungeon Overview and Level Annotations

Branches:
Dungeon (11/15)            Temple (1/1) D:5          Bailey (visited)
   Lair: D:8-11         Orc: D:9-12

Altars:
Ashenzari
Cheibriados
Dithmenos
Elyvilon
Fedhas
Gozag
Hepliaklqana
Kikubaaqudgha
Makhleb
Nemelex Xobeh
Okawaru
Qazlal
Ru
Sif Muna
Trog
Uskayaw
Vehumet
Wu Jian
Xom
Yredelemnul
Zin
The Shining One

Shops:
D:4 *   D:7 *

Annotations:
D:8 2 transporters, happo123's ghost, novice KoEn


Innate Abilities, Weirdness & Mutations

You have razor-sharp teeth.
Your natural rate of healing is unusually fast.
When hurt, damage is shared between your health and your magic reserves.
Your bite disrupts and absorbs the magic of your enemies.
Potions cannot restore your health.


Message History

You kill the hound!
The water elemental hits you.
The water elemental engulfs you in water!
You hit the water elemental. You burn the water elemental.
The water elemental is lightly damaged.
Your lungs strain for air!
You block the water elemental's attack.
You slash the water elemental! You burn the water elemental.
The water elemental is heavily damaged.
Your lungs strain for air!
You block the water elemental's attack.
The hound pauses to sniff the ground.
The water elemental hits you.
You hit the water elemental but do no damage.
You bite the water elemental. You drain its power.
You feel invigorated.
The water elemental is heavily damaged.
Your lungs strain for air!
You block the water elemental's attack.
You closely miss the water elemental.
The water elemental is heavily damaged.
Your lungs strain for air!
The water elemental hits you.
You hit the water elemental. You burn the water elemental.
The water elemental is severely damaged.
Your lungs strain for air!
The water elemental hits you.
The vampire mumbles some strange words.
The vampire flickers and vanishes!
The water elemental hits you.
You slash the water elemental! You burn the water elemental.
The water elemental is almost destroyed.
Your lungs strain for air!
You block the water elemental's attack.
You barely miss the water elemental.
The water elemental is almost destroyed.
* * * LOW HITPOINT WARNING * * *
Your lungs strain for air!
The water elemental hits you!
* * * LOW HITPOINT WARNING * * *
The water elemental hits you!
You die...

..≈.≈...S......#
.≈.h..h........#
...E....{......
#.......h....#
#............#
#............#
#............#
########h##### #.@E{#
#.#### #####'#######
#...........# ######
#...........### #.....
#...........'.####.....
#...........#....#.....
#...........####.'.....
#...........# ###.....


You could see a water elemental and a hound.

Vanquished Creatures
  Erica (D:9)
  A two-headed ogre (D:8)
  The ghost of IdlyInterested the Cruncher, a novice MiGl of Ashenzari (D:7)
  A deep elf pyromancer (D:10)
  An ugly thing (D:8)
  A manticore (D:10)
  Joseph (D:9)
  2 trolls
  20 yaks
  A steam dragon (D:9)
  4 water moccasins
  An ice beast (D:5)
  2 black bears
  13 orc warriors
  2 sky beasts
  3 centaurs
  A phantom (D:6)
  4 kobold brigands
  Blork the orc (D:4)
  2 bullfrogs
  3 necrophages
  2 scorpions (D:5)
  10 wights
  10 killer bees
  2 howler monkeys
  12 orc priests
  8 hounds
  2 jellies
  2 iguanas (D:5)
  14 orc wizards
  Robin (D:4)
  4 adders
  A white imp (D:7)
  2 worms
  3 dart slugs
  63 orcs
  7 ball pythons
  8 bats
  5 endoplasms
  4 giant cockroaches
  21 goblins
  14 hobgoblins
  6 jackals
  16 kobolds
  5 quokkas
  3 frilled lizards
  11 rats
302 creatures vanquished.

Vanquished Creatures (others)
  An orc wizard (D:7)
  A kobold (D:8)
2 creatures vanquished.

Grand Total: 304 creatures vanquished

Notes
Turn   | Place    | Note
-------+----------+-------------------------------------------
     0 | D:1      | grumblor the Vine Stalker Fighter began the quest for the
                  | Orb.
     0 | D:1      | Reached XP level 1. HP: 11/11 MP: 2/2
    14 | D:1      | Found a blossoming altar of Fedhas.
   226 | D:1      | Reached XP level 2. HP: 16/16 MP: 3/3
   536 | D:1      | Reached XP level 3. HP: 17/20 MP: 4/4
   725 | D:1      | Reached skill level 2 in Axes
  1518 | D:2      | Identified the +1 pair of boots "Jaas Mexue" {rElec rPois
                  | Int+8 Dex-5}
  1538 | D:2      | Gained mutation: Your natural rate of healing is unusually
                  | fast. [Vine Stalker growth]
  1538 | D:2      | Reached XP level 4. HP: 24/24 MP: 5/5
  1641 | D:2      | Reached skill level 1 in Dodging
  2159 | D:3      | Found a faded altar of an unknown god.
  2177 | D:3      | Identified the +6 dagger "Fasen" {flame, Str+2 Int-5
                  | Stlth+}
  2546 | D:3      | Reached XP level 5. HP: 24/28 MP: 4/6
  2934 | D:4      | Reached skill level 3 in Axes
  2934 | D:4      | Reached skill level 1 in Throwing
  2939 | D:4      | Found Ihiowk's Gadget Gallery.
  2952 | D:4      | Noticed Blork the orc
  2966 | D:4      | Killed Blork the orc
  2967 | D:4      | Reached skill level 1 in Evocations
  2967 | D:4      | Reached XP level 6. HP: 25/32 MP: 5/7
  3426 | D:4      | Noticed Robin
  3442 | D:4      | Killed Robin
  3443 | D:4      | Reached XP level 7. HP: 37/37 MP: 6/8
  3628 | D:5      | Entered Level 5 of the Dungeon
  3748 | D:5      | Reached skill level 4 in Axes
  3840 | D:5      | Gained mutation: You have razor-sharp teeth. [Vine Stalker
                  | growth]
  3840 | D:5      | Reached XP level 8. HP: 24/42 MP: 3/9
  4161 | D:5      | Reached skill level 5 in Axes
  4330 | D:5      | Found a staircase to the Ecumenical Temple.
  4342 | Temple   | Entered the Ecumenical Temple
  4389 | Temple   | Became a worshipper of Ru the Awakened
  5099 | D:7      | Reached skill level 5 in Fighting
  5099 | D:7      | Reached XP level 9. HP: 47/47 MP: 10/10
  5137 | D:7      | Found a runed translucent gate.
  5137 | D:7      | Found a runed translucent gate.
  5138 | D:7      | Found a runed translucent gate.
  5140 | D:7      | Noticed IdlyInterested's ghost (novice MiGl)
  5198 | D:7      | Reached skill level 6 in Axes
  5411 | D:7      | Found a stormy altar of Qazlal.
  5411 | D:7      | Found a burning altar of Makhleb.
  5412 | D:7      | Found an ancient bone altar of Kikubaaqudgha.
  5412 | D:7      | Found a shadowy altar of Dithmenos.
  5414 | D:7      | Found an iron altar of Okawaru.
  5414 | D:7      | Found a hazy altar of Hepliaklqana.
  5566 | D:7      | Found Tehod's General Store.
  6011 | D:7      | Killed IdlyInterested's ghost
  6012 | D:7      | Reached skill level 7 in Axes
  6085 | D:8      | Found a flagged portal.
  6102 | D:8      | Reached XP level 10. HP: 53/53 MP: 9/11
  6209 | Bailey   | Entered a bailey
  6603 | Bailey   | Reached skill level 5 in Armour
  6630 | Bailey   | Identified the +5 plate armour of the Dolphin {rElec}
  7009 | D:8      | Found a white marble altar of Elyvilon.
  7011 | D:8      | Found a glowing golden altar of the Shining One.
  7012 | D:8      | Found an opulent altar of Gozag.
  7058 | D:8      | Reached skill level 5 in Evocations
  7160 | D:8      | Found a transporter.
  7161 | D:8      | Noticed a two-headed ogre
  7168 | D:8      | Found a bloodstained altar of Trog.
  7174 | D:8      | Found a transporter.
  7174 | D:8      | Noticed happo123's ghost (novice KoEn)
  7184 | D:8      | Noticed a moth of wrath
  7227 | D:8      | Noticed a red ugly thing
  7246 | D:8      | Killed a red ugly thing
  7247 | D:8      | Reached skill level 5 in Shields
  7834 | D:9      | Noticed a two-headed ogre
  7835 | D:9      | Noticed Joseph
  7851 | D:9      | HP: 2/50 [two-headed ogre/+0 giant club (16)]
  8048 | D:8      | Killed a two-headed ogre
  8049 | D:8      | Reached skill level 8 in Axes
  8102 | D:9      | Killed Joseph
  8103 | D:9      | Reached XP level 11. HP: 36/58 MP: 8/12
  8383 | D:9      | Identified a scroll of acquirement
  8383 | D:9      | Acquired 1126 gold pieces
  8520 | D:9      | Noticed Erica
  8538 | D:9      | Killed Erica
  8927 | D:10     | Entered Level 10 of the Dungeon
  8927 | D:10     | Noticed a manticore
  8938 | D:10     | Killed a manticore
  9133 | D:10     | Found an ornate altar of the Wu Jian Council.
  9322 | D:10     | Noticed a deep elf pyromancer
  9330 | D:10     | Killed a deep elf pyromancer
  9569 | D:11     | Mangled by a water elemental

Illustrated notes

Levels and vault maps discovered:
D:1:      mrwooster_arrival_statue_3, layout_loops_cross, minmay_hexomino_r4
D:2:      layout_loops_corners, serial_glass, glass_columns_c, glass_columns_a,
          item_on_display_a, item_on_display_a, minmay_strange_pillars,
          minmay_strange_pillars, minivault_19, ebering_dispersal_statue_hall,
          st_stairs_11
D:3:      layout_basic, ebering_ecumenical_altar_ruins
D:4:      layout_basic, nicolae_shop_gadgets, uniq_robin, uniq_blork_the_orc
D:5:      layout_rooms, minmay_temple_entry_nine_rooms,
          minmay_fractal_squares_gapless_5
D:6:      layout_basic, kennysheep_cross_room
D:7:      layout_loops_ring, grunt_temple_overflow_open,
          ebering_ghost_rock_garden, serial_shops, nicolae_shop_crystal
D:8:      layout_gridville, chequers_temple_overflow_statue_of_worship,
          gammafunk_ghost_wrathful_warriors, enter_bailey_5,
          roderic_cross_of_infinity, minmay_crystal_room,
          kennysheep_cross_bottleneck
D:9:      layout_basic, uniq_joseph, uniq_erica
D:10:     layout_gridville, nicolae_wu_jian_wuxing_cycle
D:11:     layout_roguey, erik_lair_island
Temple:   nicolae_temple_hex_pool

Skill      XL: |  1  2  3  4  5  6  7  8  9 10 11 |
---------------+----------------------------------+-----
Fighting       | 3 4 5 6 7 |  7.8
Axes           | 2 3 4 5 7 8 |  8.3
Dodging        | 1 2 3 4 |  4.0
Shields        | 3 4 5 7 |  7.7
Throwing       | 1 2 |  2.0
Armour         | 3 4 6 7 |  7.4
Evocations     | 1 2 3 4 5 6 |  6.3

Action                   |  1- 3 |  4- 6 |  7- 9 | 10-12 || total
-------------------------+-------+-------+-------+-------++-------
Melee: War axe           |    92 |    12 |       |   138 ||   242
       Bite              |    20 |    26 |    73 |   120 ||   239
       Hand axe          |       |   143 |   293 |   336 ||   772
Throw: Dart              |       |     1 |       |    25 ||    26
       Boomerang         |       |       |       |     9 ||     9
       Javelin           |       |       |       |     4 ||     4
Invok: Reject Sacrifices |       |       |       |     1 ||     1
Evoke: Wand              |       |       |       |     3 ||     3
  Use: Scroll            |     5 |     5 |     5 |    10 ||    25
       Potion            |       |       |     1 |       ||     1
Armor: Scale mail        |    43 |    34 |       |       ||    77
       Chain mail        |       |    49 |   146 |       ||   195
       Plate armour      |       |       |    60 |    42 ||   102
       Crystal plate arm |       |       |       |   338 ||   338
Dodge: Dodged            |    40 |    61 |    90 |    44 ||   235
Block: Buckler           |    21 |    35 |    66 |    24 ||   146
       Tower shield      |       |       |       |   300 ||   300

Table legend: (Time is in decaauts)
 A = Elapsed time spent in this place.
 B = Non-inter-level travel time spent in this place.
 C = Inter-level travel time spent in this place.
 D = Time resting spent in this place.
 E = Time spent auto-exploring this place.
 F = Levels seen in this place.
 G = Mean time per level.
                   A        B        C        D        E       F      G
               +--------+--------+--------+--------+--------+-----+--------+
         Total |   9819 |   9487 |    332 |    491 |   6328 |  13 |  755.3 |
       Dungeon |   9079 |   8766 |    313 |    321 |   6138 |  11 |  825.4 |
        Temple |     79 |     60 |     19 |      0 |     43 |   1 |   79.0 |
        Bailey |    660 |    660 |      0 |    170 |    147 |   1 |  660.0 |
               +--------+--------+--------+--------+--------+-----+--------+

Top non-repeatable levels by time:
     D:8: 1353 daAuts
     D:1: 1121 daAuts
     D:2: 1023 daAuts
     D:7: 993 daAuts
     D:9: 948 daAuts
     D:3: 807 daAuts
     D:5: 796 daAuts
     D:4: 746 daAuts
  Bailey: 660 daAuts
     D:6: 603 daAuts
    D:10: 584 daAuts
    D:11: 100 daAuts
  Temple: 79 daAuts
